 Dungeon Crawl Stone Soup version 0.29.1-14-g9c671dbff4 (webtiles) character file.

Game seed: 7040350602984416980

56 DildoBatman the Conjurer (level 4, -2/32 HPs)
             Began as a Formicid Conjurer on Feb 14, 2023.
             Killed from afar by a white imp (9 damage)
             ... with a puff of frost
             ... on level 6 of the Dungeon.
             The game lasted 00:02:43 (888 turns).

DildoBatman the Conjurer (Formicid Conjurer)         Turns: 888, Time: 00:02:44

Health: -2/32      AC:  4    Str: 12    XL:     4   Next: 15%
Magic:  4/8        EV: 12    Int: 19    God:
Gold:   21         SH:  0    Dex: 12    Spells: 5/8 levels left

rFire   . . .      SeeInvis +   d - +0 spear
rCold   . . .      Faith    .   (no shield)
rNeg    . . .      Spirit   .   a - +0 robe
rPois   .          Reflect  .   (helmet unavailable)
rElec   .          Harm     .   (no cloak)
rCorr   .          Rampage  .   (no gloves)
Will    .....                   h - +1 pair of boots
Stlth   ++........              (no amulet)
HPRegen 0.10/turn               (no ring)
MPRegen 0.11/turn               (no ring)

@: no status effects
A: permanent stasis, dig shafts and tunnels, antennae 3, four strong arms
a: Dig, Shaft Self


You were on level 6 of the Dungeon.
You visited 1 branch of the dungeon, and saw 4 of its levels.

You collected 21 gold pieces.

Inventory:

Hand Weapons
 d - a +0 spear (weapon)
Armour
 a - a +0 robe (worn)
 h - a +1 pair of boots (worn)
Scrolls
 c - a scroll of magic mapping {unknown}
 e - 2 scrolls of identify {unknown}
 g - a scroll of noise {unknown}
Potions
 b - a potion of magic
 f - a potion of brilliance {unknown}
 i - a potion of mutation {unknown}
 j - a potion of degeneration {unknown}
 k - a potion of invisibility {unknown}
 l - a potion of attraction {unknown}


   Skills:
 * Level 1.5 Fighting
 * Level 1.6 Armour
 - Level 2.0 Dodging
 - Level 2.4 Stealth
 * Level 2.7 Spellcasting
 * Level 3.9 Conjurations


You had 5 spell levels left.
You knew the following spells:

 Your Spells              Type           Power      Damage    Failure   Level
a - Searing Ray           Conj           34%        2d5       4%          2
c - Magic Dart            Conj           68%        1d6       3%          1

Your spell library contained the following spells:

 Spells                   Type           Power      Damage    Failure   Level
 Dazzling Flash           Conj/Hex       20%        N/A       21%         3
 Ozocubu's Armour         Ice            2%         N/A       43%         3
 Fulminant Prism          Conj/Hex       5%         3d7       56%         4
 Iskenderun's Mystic Bla  Conj/Tloc      10%        2d4       56%         4
 Ozocubu's Refrigeration  Ice            1%         4d7       100%        7


Dungeon Overview and Level Annotations

Branches:
Dungeon (6/15)
 Temple: D:4-7

Altars:
Xom

Annotations:
D:2 exclusion: worm, Natasha


Innate Abilities, Weirdness & Mutations

You cannot be hasted, slowed, berserked, paralysed or teleported.
You can dig through walls and to a lower floor.
You have a pair of large antennae on your head. (SInv)
Your four strong arms can wield two-handed weapons with a shield.


Message History

The white imp laughs crazily.
What are your orders? t - Shout!
Orders for allies: a - Attack new target. r - Retreat! s - Stop attacking. g - Guard the area. f - Follow me.
Anything else - Cancel.
You shout for attention!
The hound closely misses you. The ufetubus completely misses you.
The ufetubus hits you. The hound barely misses you.
The ufetubus barely misses you. x2
The white imp hits you but does no damage.
What are your orders? t - Shout!
Orders for allies: a - Attack new target. r - Retreat! s - Stop attacking. g - Guard the area. f - Follow me.
Anything else - Cancel.
You shout for attention!
The hound bites you but does no damage. The ufetubus misses you.
The ufetubus hits you but does no damage.
The white imp barely misses you. What are your orders? t - Shout!
Orders for allies: a - Attack new target. r - Retreat! s - Stop attacking. g - Guard the area. f - Follow me.
Anything else - Cancel.
You shout for attention!
The hound bites you. The ufetubus barely misses you. The ufetubus misses you.
The hound completely misses you. The ufetubus closely misses you. x2
The white imp gestures at you. The puff of frost hits you!
You die...

#.... ..#. .
.#. .# ##..
.## ####.>.
... .......##
..##
........#....#
#5@h...#
#.5....#
##.....#
.........
........#
.........#
..........
#..........


You could see a hound, a white imp and an ufetubus.

Vanquished Creatures
  2 adders (D:2)
  A dart slug (D:1)
  2 ball pythons
  5 endoplasms
  A giant cockroach (D:1)
  2 goblins (D:1)
  5 hobgoblins
  5 quokkas
  4 bats (D:1)
  3 frilled lizards (D:1)
  A rat (D:1)
31 creatures vanquished.

Notes
Turn   | Place    | Note
-------+----------+-------------------------------------------
     0 | D:1      | DildoBatman the Formicid Conjurer began the quest for the
                  | Orb.
     0 | D:1      | Reached XP level 1. HP: 13/13 MP: 3/3
   150 | D:1      | Reached XP level 2. HP: 20/20 MP: 1/5
   153 | D:1      | Learned a level 2 spell: Searing Ray
   266 | D:1      | Reached skill level 1 in Fighting
   266 | D:1      | Reached skill level 1 in Armour
   293 | D:1      | Reached XP level 3. HP: 19/26 MP: 0/6
   660 | D:2      | Noticed Natasha
   717 | D:2      | Found a shimmering altar of Xom.
   837 | D:2      | Noticed a floating eye
   854 | D:2      | Reached XP level 4. HP: 32/32 MP: 0/8
   856 | D:2      | You fall into a shaft and drop 1 floor!
   870 | D:3      | You fall into a shaft and drop 3 floors!
   888 | D:6      | Killed from afar by a white imp

Illustrated notes

Levels and vault maps discovered:
D:1:      wheals_arrival_linesprint, layout_rooms
D:2:      layout_rooms, basic_altar, hellmonk_ecumenical_altar_watching_god,
          uniq_natasha, uniq_crazy_yiuf_cottage, uniq_terence
D:3:      layout_basic, uniq_jessica
D:6:      layout_cave_pools

Skill      XL: |  1  2 |
---------------+-------+-----
Dodging        | 2 |  2.0
Fighting       | 1 |  1.5
Armour         | 1 |  1.6
Stealth        | |  2.4
Spellcasting   | |  2.7
Conjurations   | |  3.9

Action                   |  1- 3 |  4- 6 || total
-------------------------+-------+-------++-------
Melee: Spear             |    42 |       ||    42
 Cast: Magic Dart        |    24 |       ||    24
       Searing Ray       |     6 |       ||     6
 Abil: Shaft Self        |       |     2 ||     2
 Stab: Sleeping          |     2 |       ||     2
Armor: Robe              |     9 |    13 ||    22
Dodge: Dodged            |    28 |    33 ||    61
